 Dungeon Crawl Stone Soup version 0.19.1-1-g22dce08 (webtiles) character file.

338 ponk the Covert (level 6, 0/39 HPs)
             Began as an Octopode Assassin on Jan 17, 2017.
             Slain by a gnoll
             ... wielding a +0 halberd
              (5 damage)
             ... on level 5 of the Dungeon.
             The game lasted 00:07:23 (2540 turns).

ponk the Covert (Octopode Assassin)                 Turns: 2540, Time: 00:07:24

Health: 0/39       AC:  1    Str: 11    XL:     6   Next: 55%
Magic:  15/15      EV: 13    Int: 13    God:
Gold:   58         SH:  0    Dex: 15    Spells: 0 memorised, 5 levels left

rFire  x . .     SeeInvis .     a - +2 dagger
rCold  + . .     Gourm    .     (no shield)
rNeg   . . .     Faith    .     (helmet restricted)
rPois  .         Spirit   .     (no amulet)
rElec  .         Reflect  .     e - ring of protection from magic
rCorr  .         Harm     .     s - ring of ice
MR     +....                    v - ring of magical power
Stlth  ++++++....               (no ring)
                                (no ring)
                                (no ring)
                                (no ring)
                                (no ring)

@: no status effects
A: almost no armour, stealthy swim, amphibious, 8 rings, constrict 8, camouflage
1, gelatinous body 1
a: no special abilities


You were on level 5 of the Dungeon.
You were not hungry.

You visited 1 branch of the dungeon, and saw 5 of its levels.

You collected 58 gold pieces.

Inventory:

Hand Weapons
 a - a +2 dagger (weapon)
 b - a +0 blowgun
 g - a +0 trident
Missiles
 c - 22 poisoned needles
 d - 2 curare-tipped needles
Jewellery
 e - a ring of protection from magic (left tentacle)
 s - a ring of ice (right tentacle)
 v - a ring of magical power (on tentacle)
Wands
 j - a wand of flame (15/48)
Scrolls
 k - a scroll of fear
 l - a scroll of amnesia
 m - a scroll of immolation {unknown}
 o - a scroll of enchant armour {unknown}
 p - a scroll of remove curse {unknown}
 r - a scroll of identify {unknown}
Potions
 i - 2 potions of heal wounds {unknown}
 n - a potion of lignification {unknown}
 q - a potion of flight {unknown}
 u - a potion of cure mutation {unknown}
 w - a potion of brilliance {unknown}
Comestibles
 f - 4 bread rations
 h - a beef jerky
 t - a meat ration


   Skills:
 - Level 2.0 Fighting
 - Level 2.0 Short Blades
 - Level 2.1 Throwing
 - Level 1.0 Dodging
 + Level 10.4 Stealth


You had 5 spell levels left.
You didn't know any spells.

Dungeon Overview and Level Annotations

Branches:
Dungeon (5/15)
 Temple: D:4-7

Altars:
Hepliaklqana


Innate Abilities, Weirdness & Mutations

You cannot wear most types of armour.
You are very stealthy in the water. (Stealth+)
You are amphibious.
You can wear up to eight rings at the same time.
You can use your tentacles to constrict eight enemies at once.
Your skin changes colour to match your surroundings (Stealth+).
Your rubbery body absorbs attacks. (AC +1, EV +1)


Message History

You kill the gnoll!
You closely miss the gnoll. You grab the gnoll. You constrict the gnoll.
The gnoll hits you with a club!
* * * LOW HITPOINT WARNING * * *
The gnoll closely misses you.
You hit the gnoll.
The gnoll is moderately wounded.
You constrict the gnoll, but do no damage.
The gnoll hits you with a club.
* * * LOW HITPOINT WARNING * * *
You release your grip on the gnoll.
You see here a scorpion corpse.
You hit the gnoll. Your grab misses the gnoll.
The gnoll is moderately wounded.
The gnoll hits you with a club.
* * * LOW HITPOINT WARNING * * *
You hit the gnoll but do no damage. Your grab misses the gnoll.
The gnoll is moderately wounded.
The gnoll hits you from afar with a halberd.
You die...

.. #### .# ..# .# #
#.# ###.#
####.##.#####.#.####.
#....................
.##.##.#####..#####
#. #.######..#
#.##@##......#
##.#.g##......#
#..#g###..........#
#.†# #.......##....
#)## #.....#.# #. #.#
#.....#.# #.#
#..##.#.# ..#
...###.#.# ... .## ..
.#


You could see 2 gnolls.

Vanquished Creatures
  A black bear (D:3)
  A scorpion (D:5)
  An orc priest (D:3)
  A worker ant zombie (D:5)
  3 gnolls
  5 adders
  2 worms
  3 dart slugs
  A leopard gecko (D:2)
  5 orcs (D:3)
  8 giant cockroaches
  3 goblins
  7 hobgoblins
  4 quokkas
  3 ball pythons
  7 bats
  3 frilled lizards
  6 kobolds
  6 rats
70 creatures vanquished.

Notes
Turn   | Place    | Note
-------+----------+-------------------------------------------
     0 | D:1      | ponk the Octopode Assassin began the quest for the Orb.
     0 | D:1      | Reached XP level 1. HP: 14/14 MP: 1/1
    96 | D:1      | Reached skill level 6 in Stealth
    96 | D:1      | Reached XP level 2. HP: 19/19 MP: 2/2
   211 | D:1      | Reached XP level 3. HP: 23/24 MP: 3/3
   678 | D:2      | Reached skill level 7 in Stealth
   907 | D:2      | Reached XP level 4. HP: 25/29 MP: 4/4
  1021 | D:2      | Found a hazy altar of Hepliaklqana.
  1420 | D:3      | Reached skill level 8 in Stealth
  1451 | D:3      | Reached XP level 5. HP: 7/34 MP: 5/5
  1725 | D:3      | Noticed a black bear
  1732 | D:3      | Killed a black bear
  1732 | D:3      | Reached skill level 9 in Stealth
  2137 | D:3      | Reached XP level 6. HP: 39/39 MP: 6/6
  2491 | D:5      | Entered Level 5 of the Dungeon
  2519 | D:5      | Reached skill level 10 in Stealth
  2540 | D:5      | Slain by a gnoll

Skill      XL: |  1  2  3  4  5  6 |
---------------+-------------------+-----
Stealth        | 6 7 8 9 10 | 10.4
Fighting       | |  2.0
Short Blades   | |  2.0
Throwing       | |  2.1
Dodging        | |  1.0

Action                   |  1- 3 |  4- 6 || total
-------------------------+-------+-------++-------
Melee: Dagger            |    55 |    82 ||   137
       Constrict         |    11 |    21 ||    32
       Tentacles         |     6 |    15 ||    21
  Use: Scroll            |     4 |       ||     4
 Stab: Sleeping          |    17 |    11 ||    28
       Distracted        |       |     1 ||     1
  Eat: Chunk             |       |     5 ||     5
Armor: Skin              |     2 |     5 ||     7
Dodge: Dodged            |    26 |    32 ||    58
